 Dungeon Crawl Stone Soup version 0.23.1 (webtiles) character file.

Game seed: 0

903 Luthien the Thaumaturge (level 7, -6/38 HPs)
             Began as a Deep Elf Wizard on Mar 15, 2019.
             Shot with an arrow by a centaur (9 damage)
             ... on level 6 of the Dungeon on Mar 16, 2019.
             The game lasted 00:44:24 (6877 turns).

Luthien the Thaumaturge (Deep Elf Wizard)           Turns: 6877, Time: 00:44:25

Health: -6/38      AC:  3    Str:  4    XL:     7   Next: 80%
Magic:  11/20      EV: 19    Int: 23    God:
Gold:   215        SH:  0    Dex: 15    Spells: 17/22 levels left

rFire    + . .     SeeInvis .   y - +5 halberd
rCold    + . .     Gourm    .   (shield currently unavailable)
rNeg     . . .     Faith    .   q - +1 robe {rC+ rF+}
rPois    .         Spirit   .   b - +0 hat
rElec    .         Reflect  .   (no cloak)
rCorr    .         Harm     .   (no gloves)
MR       .....                  (no boots)
Stlth    +++.......             (no amulet)
HPRegen  0.12/turn              u - +5 ring of evasion
MPRegen  0.17/turn              (no ring)

@: no status effects
A: no striking features
a: no special abilities


You were on level 6 of the Dungeon.
You were hungry.

You visited 2 branches of the dungeon, and saw 7 of its levels.
You also visited: Sewer.

You collected 215 gold pieces.

Inventory:

Hand Weapons
 e - a +0 club
 y - a +5 halberd (weapon)
Missiles
 m - 159 stones (quivered)
 n - 74 arrows
Armour
 b - a +0 hat (worn)
 q - a +1 robe of resistance (worn)
Jewellery
 u - a +5 ring of evasion (left hand)
 x - an uncursed ring of attention
Wands
 o - a wand of disintegration (15)
Scrolls
 g - 7 scrolls of remove curse
 h - a scroll of teleportation
 i - 3 scrolls of identify
 r - a scroll of random uselessness {unknown}
 v - a scroll of blinking
Potions
 a - 4 potions of flight {unknown}
 c - 2 potions of agility {unknown}
 f - 3 potions of might {unknown}
 j - 3 potions of curing
 k - 6 potions of heal wounds
 l - a potion of invisibility {unknown}
 p - a potion of magic
 t - a potion of lignification
 z - a potion of mutation
 B - 4 potions of brilliance
Comestibles
 d - 12 rations


   Skills:
 - Level 1.1 Fighting
 - Level 4.1 Dodging
 - Level 5.1 Stealth
 + Level 8.0 Spellcasting
 - Level 6.0 Conjurations
 - Level 1.1 Summonings
 - Level 1.1 Translocations


You had 17 spell levels left.
You knew the following spells:

 Your Spells              Type           Power        Failure   Level  Hunger
a - Magic Dart            Conj           ####         1%          1    None
b - Blink                 Tloc           N/A          7%          2    None
c - Call Imp              Summ           ##......     7%          2    None

Your spell library contained the following spells:

 Spells                   Type           Power        Failure   Level  Hunger
 Conjure Flame            Conj/Fire      ###.....     6%          3    None
 Mephitic Cloud           Conj/Pois/Air  ###.....     9%          3    None
 Slow                     Hex            #.......     11%         2    None


Dungeon Overview and Level Annotations

Branches:
Dungeon (6/15)             Temple (1/1) D:4

Altars:
Ashenzari
Cheibriados
Elyvilon
Fedhas
Gozag
Hepliaklqana
Makhleb
Nemelex Xobeh
Okawaru
Qazlal
Ru
Sif Muna
Uskayaw
Wu Jian
Xom
Yredelemnul
The Shining One


Message History

Anything else - Cancel.
Guard this area!
Your crimson imp hits the centaur.
Your crimson imp hits the centaur.
The centaur shoots an arrow.
The arrow hits you!
* * * LOW HITPOINT WARNING * * *
You see here an arrow.
Casting: Blink (safe; 7% risk of failure)
Confirm with . or Enter, or press ? or * to list all spells.
You blink.
The centaur shoots an arrow.
The arrow closely misses you.
Found an opulent altar of Gozag.
Your magical contamination has completely faded away.
The centaur shoots an arrow.
The arrow hits you.
* * * LOW HITPOINT WARNING * * *
You swap places.
n - 74 arrows (gained 1)
Your crimson imp barely misses the centaur.
The centaur wields a +0 shortbow.
The centaur shoots an arrow.
The arrow barely misses your crimson imp.
The arrow hits you!
You die...

#.#<#.#
#....#
#.###.#
#....#
#.....#
#....#
#######
##.### #.#
#########(###
........5((.#
#########.#c#
#####.5.@(#(#
#...5c#####.#
#..##.## #.#
#......####.#
#......c..c.#
#..._..######
#......#
##.....#
#######


You could see a centaur and 2 friendly crimson imps.

Vanquished Creatures
  A sky beast (D:5)
  An ogre (D:4)
  2 big kobolds (Sewer)
  A scorpion (D:4)
  2 hounds
  An orc wizard (D:2)
  An orc priest (D:3)
  Jessica (D:2)
  A hound zombie (D:5)
  A gnoll (D:3)
  7 adders
  An ooze (Sewer)
  2 worms (D:2)
  4 dart slugs
  6 leopard geckos
  5 orcs
  A ball python (D:5)
  8 bats
  9 giant cockroaches
  8 goblins
  9 hobgoblins
  13 jackals
  3 quokkas
  14 frilled lizards
  A jackal skeleton (D:4)
  14 kobolds
  19 rats
136 creatures vanquished.

Vanquished Creatures (collateral kills)
  Grinder (D:6)
  A big kobold (Sewer)
  A worker ant (D:5)
  2 gnolls (D:3)
  2 orcs
  2 jackals (D:5)
  5 kobolds (Sewer)
  11 rats (D:3)
25 creatures vanquished.

Grand Total: 161 creatures vanquished

Notes
Turn   | Place    | Note
-------+----------+-------------------------------------------
     0 | D:1      | Luthien the Deep Elf Wizard began the quest for the Orb.
     0 | D:1      | Reached XP level 1. HP: 10/10 MP: 7/7
   217 | D:1      | Reached XP level 2. HP: 15/15 MP: 3/9
  1061 | D:2      | Reached XP level 3. HP: 19/19 MP: 5/10
  1238 | D:2      | Noticed Jessica
  1242 | D:2      | Killed Jessica
  1242 | D:2      | Reached XP level 4. HP: 24/24 MP: 7/12
  1660 | D:2      | Found a sacrificial altar of Ru.
  1687 | D:2      | Reached skill level 5 in Conjurations
  1690 | D:2      | Reached XP level 5. HP: 28/28 MP: 5/13
  1695 | D:2      | Learned a level 2 spell: Blink
  1698 | D:2      | Learned a level 2 spell: Call Imp
  2716 | D:3      | Reached skill level 5 in Spellcasting
  3549 | D:3      | Reached XP level 6. HP: 32/32 MP: 8/16
  3775 | D:3      | Found a white marble altar of Elyvilon.
  4039 | D:4      | HP: 1/33 [poisoned by a scorpion]
  4530 | D:4      | Reached skill level 1 in Fighting
  4948 | D:4      | Found a staircase to the Ecumenical Temple.
  4957 | Temple   | Entered the Ecumenical Temple
  5117 | D:5      | Entered Level 5 of the Dungeon
  5296 | D:5      | Reached skill level 6 in Spellcasting
  5395 | D:5      | Noticed a sky beast
  5561 | D:6      | Noticed Grinder
  5610 | D:5      | Killed a sky beast
  5610 | D:5      | Reached XP level 7. HP: 32/38 MP: 4/18
  5721 | D:5      | Found a glowing drain.
  5744 | Sewer    | Entered a sewer
  6188 | Sewer    | Reached skill level 5 in Stealth
  6188 | Sewer    | Reached skill level 7 in Spellcasting
  6704 | D:6      | Killed Grinder
  6704 | D:6      | Reached skill level 8 in Spellcasting
  6866 | D:6      | Found an opulent altar of Gozag.
  6877 | D:6      | Shot with an arrow by a centaur

Skill      XL: |  1  2  3  4  5  6  7 |
---------------+----------------------+-----
Conjurations   | 2 3 4 5 6 |  6.0
Spellcasting   | 5 6 8 |  8.0
Stealth        | 4 5 |  5.1
Dodging        | 3 4 |  4.1
Fighting       | 1 |  1.1
Summonings     | |  1.1
Translocations | |  1.1

Action                   |  1- 3 |  4- 6 |  7- 9 || total
-------------------------+-------+-------+-------++-------
Melee: Club              |     1 |     1 |       ||     2
       Halberd           |       |       |     2 ||     2
 Cast: Magic Dart        |    59 |   201 |    63 ||   323
       Call Imp          |       |    23 |    17 ||    40
       Blink             |       |     5 |     2 ||     7
  Use: Scroll            |       |    15 |       ||    15
       Potion            |       |     1 |       ||     1
  Eat: Chunk             |     1 |    13 |     3 ||    17
Armor: Robe              |     3 |     3 |     1 ||     7
Dodge: Dodged            |     9 |    49 |    27 ||    85
